 Dungeon Crawl Stone Soup version 0.17.0-28-g6e173f8 (console) character file.

77 Kloppie the Ruffian (level 4, -2/38 HPs)
             Began as a Draconian Transmuter on Nov 22, 2015.
             Killed by divine providence
             ... invoked by an orc priest
              (10 damage)
             ... on level 3 of the Dungeon.
             The game lasted 00:02:58 (1301 turns).

Kloppie the Ruffian (Draconian Transmuter)          Turns: 1301, Time: 00:02:58

Health: -2/38      AC:  6    Str: 12    XL:     4   Next: 13%
Magic:  7/7        EV: 12    Int: 15    God:
Gold:   37         SH:  0    Dex: 11    Spells: 2 memorised, 3 levels left

rFire  + . .     SeeInvis .       - Unarmed
rCold  + . .     Clarity  .     (armour unavailable)
rNeg   . . .     SustAt   .     (no shield)
rPois  +         Gourm    .     (helmet restricted)
rElec  +         Spirit   .     (no cloak)
rCorr  +         Warding  .     k - +0 pair of gloves (curse)
rMut   .         Stasis   .     (no boots)
MR     +....                    (no amulet)
Stlth  +.........               (no ring)
                                l - ring of protection from magic

@: resistant (expiring), somewhat resistant to hostile enchantments, very
unstealthy
A: unfitting armour, cold-blooded, AC +5
a: no special abilities


You were on level 3 of the Dungeon.
You were near starving.

You visited 1 branch of the dungeon, and saw 3 of its levels.

You collected 37 gold pieces.

Inventory:

Missiles
 a - 28 arrows
Armour
 k - a cursed +0 pair of gloves (worn)
Jewellery
 l - a ring of protection from magic (left hand)
Wands
 j - a wand of fireball (14)
Scrolls
 d - a scroll of enchant armour {unknown}
 f - 2 scrolls of fog {unknown}
 g - a scroll of remove curse {unknown}
 h - a scroll of noise {unknown}
 i - 2 scrolls of identify {unknown}
Potions
 e - a potion of resistance
Books
 b - a book of Changes

   Spells                             Type                      Level
   a - Beastly Appendage              Transmutation                1
   b - Sticks to Snakes               Transmutation                2
   c - Spider Form                    Transmutation/Poison         3
   d - Ice Form                       Ice/Transmutation            4
   e - Blade Hands                    Transmutation                5
Comestibles
 c - 2 bread rations


   Skills:
 + Level 3.2 Fighting
 - Level 1.7 Dodging
 + Level 4.0 Unarmed Combat
 - Level 2.0 Spellcasting
 - Level 2.0 Transmutations


You had 3 spell levels left.
You knew the following spells:

 Your Spells              Type           Power        Failure   Level  Hunger
a - Beastly Appendage     Trmt           #.....       12%         1    #......
b - Spider Form           Trmt/Pois      #.........   43%         3    ###....


Dungeon Overview and Level Annotations

Branches:
Dungeon (3/15)

Altars:

Annotations:
D:3 exclusion: ogre, Robin


Innate Abilities, Weirdness & Mutations

Your plain brown scales are hard (AC +5).
Your body does not fit into most forms of armour.
You are cold-blooded and may be slowed by cold attacks.


Message History

The hobgoblin barely misses you. The orc priest closely misses you.
Robin says, "Bow before me, strongest of all the hobgoblins!"
The orc priest invokes the aid of Beogh against you.
Something smites you!
* * * LOW HITPOINT WARNING * * *
You hear a shout!
Things that are here:
a dagger x2 a goblin corpse Robin roars a battlecry!
The hobgoblin goes into a battle-frenzy!
You see here a club.
Robin's horned helmet rattles.
You are near starving!
You open the door. The hobgoblin misses you.
There is an open door here.
You start to feel less resistant.
The orc priest calls down the wrath of Beogh upon you.
Something smites you!
You die...

................................#
............#...######..o###.##.#
.....###.........................
............#............###.....
................#######..# #.##.#
..##.###......##.....##..###.##.#
..##.....[.##.##.....##..........
..##.####†###.##.....###.###.####
...............+@.gg.'.o.....#
..##.####.##...#.....###.##### ..
#.# #.##...####### #.# #.#
##.##...##....# #.# ## ...
.........#....# #..... .. #.
#####.#.##....# ####.# ##
.#######.........# #.#
.................# #.#
########.#.##....# #.#


You could see an orc priest and 2 hobgoblins.

Vanquished Creatures
  3 adders
  A worm (D:2)
  2 giant geckos (D:1)
  2 orcs (D:3)
  A ball python (D:1)
  2 bats
  6 giant cockroaches
  2 hobgoblins
  A giant newt (D:3)
  13 goblins
  2 kobolds
  8 rats
43 creatures vanquished.

Notes
Turn   | Place    | Note
--------------------------------------------------------------
     0 | D:1      | Kloppie the Draconian Transmuter began the quest for the Orb.
     0 | D:1      | Reached XP level 1. HP: 16/16 MP: 3/3
   110 | D:1      | Reached XP level 2. HP: 18/24 MP: 5/5
   530 | D:2      | Reached XP level 3. HP: 26/30 MP: 6/6
   684 | D:3      | Learned a level 3 spell: Spider Form
  1003 | D:3      | Noticed an ogre
  1189 | D:3      | Noticed Robin
  1207 | D:3      | Reached skill level 4 in Unarmed Combat
  1210 | D:3      | Reached XP level 4. HP: 34/38 MP: 7/7
  1301 | D:3      | Killed from afar by an orc priest

Action                   |  1- 3 |  4- 6 || total
-------------------------+-------+-------++-------
Melee: Unarmed           |   137 |    37 ||   174
 Cast: Beastly Appendage |     6 |     1 ||     7
  Use: Potion            |       |     1 ||     1
 Stab: Sleeping          |     3 |       ||     3
